 Dungeon Crawl Stone Soup version 0.20-a0-1117-g62da73f (webtiles) character file.

29 grindst0ne the Ruffian (level 3, -2/36 HPs)
             Began as a Troll Monk on May 9, 2017.
             Slain by a gnoll
             ... wielding a +0 spear
              (5 damage)
             ... on level 1 of the Dungeon.
             The game lasted 00:03:55 (1074 turns).

grindst0ne the Ruffian (Troll Monk)                 Turns: 1074, Time: 00:03:55

Health: -2/36      AC:  5    Str: 19    XL:     3   Next: 1%
Magic:  2/2        EV: 10    Int:  6    God:
Gold:   44         SH:  0    Dex: 13    Spells: 2/2 levels left

rFire    . . .     SeeInvis .     - Unarmed
rCold    . . .     Gourm    +   (no shield)
rNeg     . . .     Faith    .   a - +0 robe
rPois    .         Spirit   .   (helmet restricted)
rElec    .         Reflect  .   (no cloak)
rCorr    .         Harm     .   (gloves unavailable)
MR       .....                  (boots unavailable)
Stlth    ++........             (no amulet)
Regen    0.6/turn               (no ring)
MPRegen  0.1/turn               (no ring)

@: no status effects
A: unfitting armour, claws 3, fast metabolism 3, gourmand, regeneration 1,
shaggy fur 1, tough skin 2
a: no special abilities


You were on level 1 of the Dungeon.
You were very full.

You visited 1 branch of the dungeon, and saw 2 of its levels.

You collected 44 gold pieces.

Inventory:

Armour
 a - a +0 robe (worn)
Scrolls
 c - 2 scrolls of identify {unknown}
 d - 2 scrolls of amnesia {unknown}
 e - a scroll of recharging {unknown}
 f - a scroll of blinking {unknown}
 g - a scroll of enchant weapon {unknown}
 i - a scroll of magic mapping {unknown}
Potions
 j - a potion of heal wounds {unknown}
 k - a potion of flight {unknown}
Comestibles
 b - 6 bread rations
 h - 2 meat rations


   Skills:
 + Level 2.8 Fighting
 - Level 2.4 Dodging
 + Level 1.1 Stealth
 + Level 3.7 Unarmed Combat


You had 2 spell levels left.
You didn't know any spells.

Dungeon Overview and Level Annotations

Branches:
Dungeon (2/15)

Altars:
Uskayaw


Innate Abilities, Weirdness & Mutations

You are too large for most types of armour.
You have claws for hands.
Your metabolism is lightning-fast.
You like to eat raw meat.
Your natural rate of healing is unusually fast.
You are covered in fur. (AC +1)
You have very tough skin. (AC +2)


Message History

You barely miss the gnoll.
The gnoll is heavily wounded.
The bat hits you but does no damage. The gnoll barely misses you.
The gnoll hits you from afar with a spear.
The gnoll barely misses you. The bat barely misses you.
(D) Dungeon
Where to? (Enter - D:2, ? - help)
There are monsters nearby!
The bat barely misses you. The gnoll hits you with a spear.
The worm closely misses you. The gnoll hits you.
The gnoll hits you from afar with a spear.
* * * LOW HITPOINT WARNING * * *
You climb upwards.
There is a stone staircase leading down here.
The bat barely misses you.
The gnoll hits you from afar with a spear.
* * * LOW HITPOINT WARNING * * *
The bat barely misses you.
The gnoll hits you from afar with a spear.
You die...

.#
#.##########......##...
.# #.# ######.###.. .#
#.# #.# #.. .#
#.######### #.# #.. .#
#[#.......### #.# ##.
.# #.+...<...'.# #.#
##. .######
#.#.......#.#####)###..
......#
#.#########.......((...
......#
#.#...@.g.#.#####.#.)..
......#
#.'.>b>.w.'.#.....#....
......#
###....g..#....##.##..#
......#
############.##.##...
......# #.##.##.##
...########## #....##.#
###.........# #######.#
###.........# #.##
...........[# #.#.


You could see a worm, 2 gnolls and a bat.

Vanquished Creatures
  A gnoll (D:2)
  2 dart slugs
  2 bats (D:1)
  A giant cockroach (D:2)
  A goblin (D:1)
  A ball python (D:1)
  2 frilled lizards (D:1)
  3 kobolds (D:1)
  6 rats
19 creatures vanquished.

Notes
Turn   | Place    | Note
-------+----------+-------------------------------------------
     0 | D:1      | grindst0ne the Troll Monk began the quest for the Orb.
     0 | D:1      | Reached XP level 1. HP: 22/22 MP: 0/0
   514 | D:1      | Reached XP level 2. HP: 29/29 MP: 1/1
   864 | D:2      | Noticed a hand axe
   865 | D:2      | Noticed a dagger
   941 | D:2      | Found a hide-covered altar of Uskayaw.
  1018 | D:1      | Reached XP level 3. HP: 12/36 MP: 2/2
  1074 | D:1      | Slain by a gnoll

Vault maps used:
D:1:      minmay_arrival_up_and_down
D:2:      cheibrodos_helix_gallery, dancing_weapons_uskayaw, first_bread,
          nemelex_diamond_rough_becter, uniq_crazy_yiuf_cottage

Action                   || total
-------------------------++-------
Melee: Unarmed           ||    59
 Stab: Sleeping          ||     1
  Eat: Chunk             ||    13
Armor: Robe              ||    58
Dodge: Dodged            ||    73
